 Dungeon Crawl Stone Soup version 0.27-a0-972-gd1521fd518 (webtiles) character file.

Game seed: 17325987806132591041

1883 Mesmaeker13 the Magician (level 8, -7/52 HPs)
             Began as a Mummy Ice Elementalist on Apr 13, 2021.
             Mangled by a two-headed ogre
             ... wielding a +0 dire flail
              (15 damage)
             ... on level 5 of the Dungeon.
             The game lasted 00:16:22 (7011 turns).

Mesmaeker13 the Magician (Mummy Ice Elementalist)   Turns: 7011, Time: 00:16:23

Health: -7/52      AC:  8    Str: 12    XL:     8   Next: 92%
Magic:  3/19       EV: 13    Int: 16    God:
Gold:   163        SH:  0    Dex: 12    Spells: 9/22 levels left

rFire    x x .     SeeInvis +   r - +2 broad axe (flame)
rCold    + + .     Faith    .   (no shield)
rNeg     + + +     Spirit   .   a - +0 robe
rPois    ∞         Reflect  .   l - +1 helmet
rElec    .         Harm     .   (no cloak)
rCorr    .         Rampage  .   g - +0 pair of gloves
Will     +....                  u - +2 pair of boots {Stlth+}
Stlth    +++.......             c - amulet of regeneration
HPRegen  1.17/turn              f - ring of see invisible
MPRegen  0.16/turn              p - ring of ice

@: very slightly contaminated
A: cold resistance 1, negative energy resistance 3, torment resistance 2,
unbreathing 1, heat vulnerability 1, no potions
a: no special abilities


You were on level 5 of the Dungeon.
You visited 1 branch of the dungeon, and saw 7 of its levels.

You collected 290 gold pieces.
You spent 127 gold pieces at shops.

Inventory:

Hand Weapons
 k - a +0 short sword of venom
 m - a +1 whip of freezing
 r - a +2 broad axe of flaming (weapon)
Missiles
 t - 6 silver javelins (quivered)
 w - 6 atropa-tipped darts
Armour
 a - a +0 robe (worn)
 g - a +0 pair of gloves (worn)
 l - a +1 helmet (worn)
 u - a +2 pair of boots of stealth (worn)
Jewellery
 c - an amulet of regeneration (around neck)
 f - a ring of see invisible (left hand)
 h - a ring of flight
 p - a ring of ice (right hand)
Wands
 b - a wand of mindburst (16)
 j - a wand of charming (6)
 v - a wand of digging (5)
Scrolls
 d - a scroll of teleportation {unknown}
 e - a scroll of magic mapping
 i - a scroll of enchant weapon {unknown}
 n - a scroll of fog
 o - a scroll of brand weapon {unknown}
 q - a scroll of amnesia {unknown}
 s - a scroll of fear


   Skills:
 + Level 5.2 Dodging
 - Level 1.5 Stealth
 + Level 7.7 Spellcasting
 + Level 3.9 Summonings
 + Level 6.0 Ice Magic


You had 9 spell levels left.
You knew the following spells:

 Your Spells              Type           Power      Damage    Failure   Level
a - Freeze                Ice            100%       1d11      1%          1
b - Frozen Ramparts       Ice            76%        1d9       2%          3
c - Ozocubu's Armour      Ice            38%        N/A       2%          3
d - Summon Ice Beast      Ice/Summ       33%        N/A       14%         4
e - Call Imp              Summ           18%        N/A       3%          2

Your spell library contained the following spells:

 Spells                   Type           Power      Damage    Failure   Level
 Summon Small Mammal      Summ           72%        N/A       2%          1
 Call Canine Familiar     Summ           18%        N/A       7%          3
 Summon Guardian Golem    Hex/Summ       12%        N/A       16%         3
 Hailstorm                Conj/Ice       23%        3d7       32%         4
 Confusing Touch          Hex            6%         N/A       34%         3
 Gell's Gravitas          Tloc           3%         N/A       34%         3
 Summon Lightning Spire   Summ/Air       12%        N/A       45%         4
 Metabolic Englaciation   Hex/Ice        11%        N/A       67%         5
 Petrify                  Tmut/Erth      6%         N/A       75%         4
 Yara's Violent Unravell  Hex/Tmut       3%         3d4       97%         5


Dungeon Overview and Level Annotations

Branches:
Dungeon (7/15)             Temple (0/1) D:6

Altars:
Kikubaaqudgha

Shops:
D:5 *

Annotations:
D:6 Menkaure


Innate Abilities, Weirdness & Mutations

You are immune to poison.
Your flesh is cold resistant. (rC+)
You are immune to negative energy. (rN+++)
You are immune to unholy pain and torment.
You can survive without breathing.
You are vulnerable to heat. (rF-)
You do not drink.


Message History

Casting: Summon Ice Beast (quite dangerous; 14% risk of failure)
Confirm with . or Enter, or press ? or * to list all spells.
Casting: Frozen Ramparts (dangerous; 2% risk of failure)
Press: ? - help, Dir - look around, f - activate You feel a surge of power!
The walls around you are covered in ice.
The wall freezes the two-headed ogre!
The two-headed ogre hits you with a +0 dire flail!!
The two-headed ogre hits you with a +0 giant club!
* * * LOW HITPOINT WARNING * * *
The wall freezes the orc.
The wall freezes the nameless horror.
Your frozen ramparts will break if you move.
Continue?
Okay, then.
Your frozen ramparts will break if you move.
Continue?
The frozen ramparts melt away as you move.
Casting: Frozen Ramparts (dangerous; 2% risk of failure)
Confirm with . or Enter, or press ? or * to list all spells.
You feel a surge of power! A film of ice covers your body!
The two-headed ogre hits you with a +0 dire flail!
* * * LOW HITPOINT WARNING * * *
The two-headed ogre barely misses you.
Unknown command.
Your icy armour will break if you move.
Continue?
Your icy armour cracks and falls away as you move.
Casting: Ozocubu's Armour (dangerous; 2% risk of failure)
Confirm with . or Enter, or press ? or * to list all spells.
The spell is quite dangerous to cast (14% risk of failure)!
Continue anyway?
You feel a surge of power! A chill wind blows around you.
Send 'em back where they came from!
Your ice beast shudders.
Unknown command.
Your ice beast hits the two-headed ogre.
Your ice beast freezes the two-headed ogre.
Casting: Summon Ice Beast (quite dangerous; 14% risk of failure)
Confirm with . or Enter, or press ? or * to list all spells.
The spell is quite dangerous to cast (14% risk of failure)!
Continue anyway?
You feel a surge of power!
You miscast Summon Ice Beast.
Nothing appears to happen.
The two-headed ogre barely misses you.
The two-headed ogre hits you with a +0 giant club!
You die...

#......#......
##..#######....
#..## ###..
#X.# ### ##.##
## ##K## #.
#oY# ##. ##O##
#.. ##@## #..
#..# #.. #.##
##.. ### #...
#... #..# ####


You could see a nameless horror, a two-headed ogre (ally target), an orc, a
kobold and a friendly ice beast (summoned).

Vanquished Creatures
  Pikel (D:6)
  A hornet (D:6)
  A steam dragon (D:6)
  A water moccasin (D:6)
  A black bear (D:6)
  2 necrophages (D:5)
  A bullfrog (D:6)
  A nameless horror (D:5)
  2 scorpions (D:6)
  2 howler monkeys
  A bullfrog skeleton (D:5)
  3 orc priests
  2 hounds (D:6)
  A jelly (D:3)
  A centaur skeleton (D:5)
  3 iguanas
  Ijyb (D:5)
  A hound zombie (D:5)
  4 adders
  A howler monkey skeleton (D:6)
  A white imp (D:5)
  2 ufetubi (D:6)
  A worm (D:2)
  11 orcs
  6 endoplasms
  2 giant cockroaches (D:1)
  9 goblins
  6 hobgoblins
  A jackal (D:1)
  4 quokkas
  6 ball pythons
  8 bats
  4 kobolds
  4 rats
96 creatures vanquished.

Vanquished Creatures (collateral kills)
  A water moccasin zombie (D:6)
  A scorpion zombie (D:5)
  A shadow imp (D:6)
  A white imp (D:6)
4 creatures vanquished.

Vanquished Creatures (others)
  A hound (D:6)
1 creature vanquished.

Grand Total: 101 creatures vanquished

Notes
Turn   | Place    | Note
-------+----------+-------------------------------------------
     0 | D:1      | Mesmaeker13 the Mummy Ice Elementalist began the quest for
                  | the Orb.
     0 | D:1      | Reached XP level 1. HP: 13/13 MP: 4/4
   108 | D:1      | Reached skill level 3 in Spellcasting
   322 | D:1      | Reached XP level 2. HP: 19/19 MP: 6/6
   892 | D:1      | Reached XP level 3. HP: 24/24 MP: 3/7
  1257 | D:2      | Learned a level 3 spell: Frozen Ramparts
  2370 | D:3      | Reached XP level 4. HP: 20/30 MP: 4/9
  2567 | D:3      | Found a faded altar of an unknown god.
  2861 | D:4      | Noticed a scorpion
  2901 | D:3      | Reached skill level 4 in Spellcasting
  3039 | D:4      | Reached XP level 5. HP: 33/35 MP: 8/11
  3540 | D:3      | Learned a level 3 spell: Ozocubu's Armour
  3561 | D:4      | Noticed a shadow
  3842 | D:5      | Entered Level 5 of the Dungeon
  4050 | D:5      | Learned a level 4 spell: Summon Ice Beast
  4059 | D:5      | Noticed a necrophage
  4064 | D:5      | Noticed a nameless horror
  4081 | D:5      | Killed a nameless horror
  4104 | D:5      | Killed a necrophage
  4105 | D:5      | Reached skill level 5 in Spellcasting
  4105 | D:5      | Reached XP level 6. HP: 27/41 MP: 0/13
  4409 | D:5      | Found Nadaos's Assorted Antiques.
  4555 | D:5      | Bought a pair of embroidered boots for 127 gold pieces
  4650 | D:5      | Noticed a two-headed ogre
  4930 | D:5      | Reached skill level 1 in Summonings
  5037 | D:5      | Found an ancient bone altar of Kikubaaqudgha.
  5218 | D:5      | Reached XP level 7. HP: 46/46 MP: 9/15
  5269 | D:5      | Noticed Ijyb
  5279 | D:5      | Killed Ijyb
  5979 | D:6      | Noticed Menkaure
  6017 | D:6      | Noticed a nameless horror
  6183 | D:6      | Learned a level 2 spell: Call Imp
  6240 | D:6      | Found a staircase to the Ecumenical Temple.
  6319 | D:6      | Noticed a hornet
  6334 | D:6      | Reached skill level 5 in Ice Magic
  6341 | D:6      | Noticed Pikel
  6347 | D:6      | Reached skill level 6 in Spellcasting
  6352 | D:6      | Killed Pikel
  6353 | D:6      | Reached XP level 8. HP: 52/52 MP: 0/18
  6474 | D:6      | Reached skill level 7 in Spellcasting
  6596 | D:6      | Killed a hornet
  6597 | D:6      | Reached skill level 5 in Dodging
  7011 | D:5      | Mangled by a two-headed ogre

Illustrated notes

Levels and vault maps discovered:
D:1:      minmay_arrival_shoal_huts, layout_loops_ring, minmay_split_cup_large
D:2:      layout_loops_ring, minmay_tree_intersection
D:3:      layout_loops_cross, basic_ecumenical_altar
D:4:      layout_rooms, minmay_strange_pillars, kennysheep_generic_room_14,
          uniq_sigmund, uniq_crazy_yiuf_cottage
D:5:      layout_cave_pods, general_overflow_altar, serial_shops, shop,
          uniq_ijyb
D:6:      minmay_clustersquares, layout_basic, minmay_temple_entry_from_below_b,
          uniq_menkaure, uniq_pikel
D:7:      layout_rooms, the_bakery

Skill      XL: |  1  2  3  4  5  6  7  8 |
---------------+-------------------------+-----
Spellcasting   | 3 4 5 6 7 |  7.7
Dodging        | 2 3 4 5 |  5.2
Ice Magic      | 4 5 6 |  6.0
Summonings     | 1 3 |  3.9
Stealth        | |  1.5

Action                   |  1- 3 |  4- 6 |  7- 9 || total
-------------------------+-------+-------+-------++-------
Melee: Unarmed           |     2 |       |       ||     2
       Dagger            |    10 |    56 |       ||    66
       Short sword       |       |    42 |    32 ||    74
Throw: Dart              |       |    10 |       ||    10
 Cast: Freeze            |    62 |    49 |    16 ||   127
       Frozen Ramparts   |       |    10 |     7 ||    17
       Ozocubu's Armour  |       |     6 |     3 ||     9
       Summon Ice Beast  |       |     1 |     7 ||     8
       Call Imp          |       |       |     5 ||     5
Evoke: Wand              |       |       |     3 ||     3
  Use: Scroll            |       |     4 |     2 ||     6
 Stab: Sleeping          |     2 |       |       ||     2
       Distracted        |       |     1 |       ||     1
Armor: Robe              |    19 |    42 |    23 ||    84
Dodge: Dodged            |    40 |    76 |    44 ||   160

Table legend: (Time is in decaauts)
 A = Elapsed time spent in this place.
 B = Non-inter-level travel time spent in this place.
 C = Inter-level travel time spent in this place.
 D = Time resting spent in this place.
 E = Time spent auto-exploring this place.
 F = Levels seen in this place.
 G = Mean time per level.
                   A        B        C        D        E       F      G
               +--------+--------+--------+--------+--------+-----+--------+
         Total |   7027 |   6687 |    340 |   2116 |   3113 |   7 | 1003.9 |
       Dungeon |   7027 |   6687 |    340 |   2116 |   3113 |   7 | 1003.9 |
               +--------+--------+--------+--------+--------+-----+--------+

Top non-repeatable levels by time:
     D:5: 1973 daAuts
     D:3: 1384 daAuts
     D:1: 1160 daAuts
     D:6: 1100 daAuts
     D:2: 955 daAuts
     D:4: 363 daAuts
     D:7: 88 daAuts
